 Dungeon Crawl Stone Soup version 0.27-a0-887-gcab673c142 (webtiles) character file.

Game seed: 7605877767990467206

4573 mhtbhm the Cleaver (level 10, 0/90 HPs)
             Began as a Minotaur Fighter on Apr 3, 2021.
             Was an Elder of Nemelex Xobeh.
             Slain by a gnoll sergeant
             ... wielding a +5 vampiric spear
              (10 damage)
             ... on level 8 of the Dungeon.
             The game lasted 00:08:07 (6369 turns).

mhtbhm the Cleaver (Minotaur Fighter)               Turns: 6369, Time: 00:08:08

Health: 0/90       AC:  6    Str: 23    XL:     10   Next: 18%
Magic:  18/18      EV: 11    Int:  5    God:    Nemelex Xobeh [****..]
Gold:   342        SH: 12    Dex: 11    Spells: 9/9 levels left

rFire    + . .     SeeInvis .   a - +3 hand axe (elec)
rCold    + . .     Faith    .   c - +1 kite shield
rNeg     . . .     Spirit   .   b - +3 leather armour {rC+}
rPois    .         Reflect  .   r - +0 hat
rElec    .         Harm     .   (no cloak)
rCorr    .         Rampage  .   (no gloves)
Will     .....                  (no boots)
Stlth    +.........             (no amulet)
HPRegen  0.25/turn              p - ring of magical power
MPRegen  0.16/turn              u - ring of protection from fire

@: no status effects
A: horns 2, retaliatory headbutt
a: Renounce Religion, Draw Escape, Draw Destruction, Draw Summoning, Triple
Draw, Deal Four


You were on level 8 of the Dungeon.
You worshipped Nemelex Xobeh.
Nemelex Xobeh was greatly pleased with you.
You visited 1 branch of the dungeon, and saw 8 of its levels.
You also visited: Sewer.

You collected 342 gold pieces.

Inventory:

Hand Weapons
 a - a +3 hand axe of electrocution (weapon)
Missiles
 f - 4 throwing nets (quivered)
 w - a curare-tipped dart
Armour
 b - a +3 leather armour of cold resistance (worn)
 c - a +1 kite shield (worn)
 q - a +0 pair of boots
 r - a +0 hat (worn)
Jewellery
 p - a ring of magical power (left hand)
 u - a ring of protection from fire (right hand)
Wands
 d - a wand of iceblast (15)
 j - a wand of charming (6)
Scrolls
 g - a scroll of amnesia
 h - a scroll of enchant weapon
 l - 4 scrolls of fog
 s - 2 scrolls of fear {unknown}
 v - 2 scrolls of teleportation
 x - a scroll of magic mapping {unknown}
 y - a scroll of identify
Potions
 e - 3 potions of haste {unknown}
 i - a potion of invisibility
 k - 8 potions of curing
 m - a potion of heal wounds
 n - 4 potions of brilliance {unknown}
 o - 3 potions of flight {unknown}
 t - a potion of attraction {unknown}
 z - 2 potions of cancellation {unknown}


   Skills:
 + Level 8.4 Fighting
 + Level 11.4 Axes
 + Level 0.3 Throwing
 + Level 7.1 Armour
 + Level 4.4 Dodging
 + Level 1.8 Stealth
 + Level 8.5 Shields
 + Level 0.1 Evocations


You had 9 spell levels left.
You didn't know any spells.
Your spell library contained the following spells:

 Spells                   Type           Power      Damage    Failure   Level
 Shock                    Conj/Air       0%         1d3       80%         1
 Summon Small Mammal      Summ           0%         N/A       80%         1
 Call Imp                 Summ           0%         N/A       91%         2
 Swiftness                Air            0%         N/A       91%         2
 Call Canine Familiar     Summ           0%         N/A       99%         3
 Static Discharge         Conj/Air       0%         N/A       99%         3
 Summon Guardian Golem    Hex/Summ       0%         N/A       99%         3
 Airstrike                Air            0%         N/A       100%        4
 Summon Ice Beast         Ice/Summ       0%         N/A       100%        4
 Summon Lightning Spire   Summ/Air       0%         N/A       100%        4
 Lightning Bolt           Conj/Air       0%         1d11      100%        5


Dungeon Overview and Level Annotations

Branches:
Dungeon (9/15)             Temple (0/1) D:5           Sewer (visited)
   Lair: D:8-11         Orc: D:9-12

Altars:
Gozag
Nemelex Xobeh
Sif Muna


Innate Abilities, Weirdness & Mutations

You have a pair of horns on your head.
You reflexively headbutt those who attack you in melee.


Message History

Something hits you.
* * * LOW HITPOINT WARNING * * *
Something burns you.
* * * LOW HITPOINT WARNING * * *
You block the gnoll's attack.
Unknown command.
You hear a zap.
Something tries to affect you, but you resist.
Okay, then.
You draw a card...
You have drawn Wild Magic.
The gnoll shivers with cold.
The gnoll is drained!
You kill the gnoll!
The wind whips around the gnoll sergeant!
A violent explosion happens from out of thin air.
You feel a surge of magic. You block the gnoll sergeant's attack.
You hear a zap.
Something tries to affect you, but you resist.
Unknown command.
You draw a card...
You have drawn the Orb.
Press: ? - help, Shift-Dir - straight line The wavering orb of destruction hits something!!
Reactivating autopickup.
You feel a bit more experienced.
The gnoll sergeant hits you from afar with a +5 vampiric spear.
* * * LOW HITPOINT WARNING * * *
Unknown command.
The gnoll sergeant hits you with a +5 vampiric spear!
* * * LOW HITPOINT WARNING * * *
The gnoll sergeant draws strength from your wounds!
Things that are here:
a +0 flail; a +0 halberd Unknown command.
You hit the gnoll sergeant but do no damage.
Lightning courses through the gnoll sergeant!
You headbutt the gnoll sergeant.
The gnoll sergeant is almost dead.
The gnoll sergeant hits you with a +5 vampiric spear!
You die...
Your body glows with a rainbow of weird colours and disappears.

#............########
##....######........###
#....# ########....
##.#.## ####< #.#.)##
#####.. #.#...#
#####......
#.##..#####.)....####
#. #....#......<.#
#@##.#.#.....##
#)g)....#.....#
...............#
...##.##..##.....#
..#.# #.# .........# .
#. #............# #
.....#.#.....###
.##....#.......# .
#..#...#.#.#..


You could see a gnoll sergeant.

Vanquished Creatures
  A two-headed ogre (D:9)
  Erica (D:8)
  A troll (D:9)
  Grinder (D:4)
  Sigmund (D:2)
  A wyvern (D:9)
  A shadow (D:9)
  A steam dragon (D:9)
  Menkaure (D:6)
  An acid dragon (D:9)
  A water moccasin (D:3)
  2 orc warriors
  A sky beast (D:6)
  An ogre (D:4)
  A phantom (D:4)
  4 kobold brigands
  A gnoll sergeant (D:5)
  3 scorpions (D:5)
  A howler monkey (D:9)
  4 wights (D:9)
  A jelly (D:5)
  2 hounds
  A gnoll shaman (D:5)
  An orc priest (D:3)
  4 iguanas
  Terence (D:2)
  Ijyb (D:4)
  An orc wizard (D:9)
  A hound zombie (D:5)
  2 hound skeletons
  A howler monkey skeleton (D:6)
  2 adders
  16 gnolls
  A dart slug (D:3)
  18 orcs
  6 bats
  8 endoplasms
  3 giant cockroaches
  6 goblins
  6 hobgoblins
  14 jackals
  8 quokkas
  14 ball pythons
  7 frilled lizards
  23 kobolds
  3 rats
180 creatures vanquished.

Vanquished Creatures (collateral kills)
  An ogre (D:5)
  A howler monkey (D:5)
  An orc wizard (D:5)
  A gnoll (D:2)
  2 orcs (D:5)
  A jackal (D:5)
7 creatures vanquished.

Vanquished Creatures (others)
  2 plants (Sewer)
2 creatures vanquished.

Grand Total: 189 creatures vanquished

Notes
Turn   | Place    | Note
-------+----------+-------------------------------------------
     0 | D:1      | mhtbhm the Minotaur Fighter began the quest for the Orb.
     0 | D:1      | Reached XP level 1. HP: 19/19 MP: 0/0
    82 | D:1      | Found a faded altar of an unknown god.
    95 | D:1      | Became a worshipper of Nemelex Xobeh the Trickster
    95 | D:1      | Reached * piety under Nemelex Xobeh
    95 | D:1      | Received a gift from Nemelex Xobeh
   174 | D:1      | Reached XP level 2. HP: 27/27 MP: 1/1
   563 | D:1      | Reached XP level 3. HP: 31/33 MP: 2/2
   799 | D:2      | Reached skill level 3 in Axes
   799 | D:2      | Reached ** piety under Nemelex Xobeh
   820 | D:2      | Reached XP level 4. HP: 14/41 MP: 3/3
  1037 | D:2      | Noticed Sigmund
  1054 | D:2      | Killed Sigmund
  1055 | D:2      | Reached skill level 4 in Axes
  1055 | D:2      | Reached skill level 1 in Dodging
  1055 | D:2      | Reached XP level 5. HP: 39/47 MP: 4/4
  1272 | D:2      | Noticed Terence
  1291 | D:2      | Killed Terence
  1292 | D:2      | Reached skill level 5 in Fighting
  1564 | D:2      | Received a gift from Nemelex Xobeh
  1824 | D:3      | Reached XP level 6. HP: 56/56 MP: 5/5
  1867 | D:3      | Reached skill level 5 in Armour
  2175 | D:3      | Found a shimmering blue altar of Sif Muna.
  2206 | D:3      | Noticed a water moccasin
  2210 | D:3      | Killed a water moccasin
  2211 | D:3      | Reached skill level 5 in Axes
  2211 | D:3      | Reached skill level 5 in Shields
  2378 | D:3      | Reached *** piety under Nemelex Xobeh
  2653 | D:4      | Noticed Grinder
  2654 | D:4      | Noticed Ijyb
  2661 | D:4      | Reached XP level 7. HP: 32/61 MP: 6/6
  2662 | D:4      | Paralysed by Grinder for 4 turns
  2669 | D:4      | Killed Grinder
  2670 | D:4      | Reached skill level 6 in Axes
  2672 | D:4      | Killed Ijyb
  3680 | D:5      | Entered Level 5 of the Dungeon
  3680 | D:5      | Received a gift from Nemelex Xobeh
  3688 | D:5      | Reached skill level 7 in Axes
  3693 | D:5      | Found an opulent altar of Gozag.
  3759 | D:5      | Reached XP level 8. HP: 51/70 MP: 7/7
  3809 | D:5      | Found a staircase to the Ecumenical Temple.
  3897 | D:5      | Found a glowing drain.
  3913 | Sewer    | Entered a sewer
  4210 | Sewer    | Reached skill level 8 in Axes
  4857 | D:5      | Received a gift from Nemelex Xobeh
  5011 | D:5      | Reached skill level 9 in Axes
  5035 | D:5      | Reached skill level 1 in Stealth
  5170 | D:6      | Reached **** piety under Nemelex Xobeh
  5199 | D:6      | Noticed Menkaure
  5204 | D:6      | Killed Menkaure
  5344 | D:6      | Reached XP level 9. HP: 62/78 MP: 8/8
  5475 | D:6      | You fall into a shaft and drop 3 floors!
  5535 | D:9      | Received a gift from Nemelex Xobeh
  5643 | D:9      | Noticed a two-headed ogre
  5644 | D:9      | Noticed a troll
  5650 | D:9      | Killed a two-headed ogre
  5651 | D:9      | Reached skill level 10 in Axes
  5654 | D:9      | Killed a troll
  5662 | D:9      | Reached skill level 11 in Axes
  6113 | D:9      | Reached XP level 10. HP: 88/88 MP: 9/9
  6300 | D:8      | Received a gift from Nemelex Xobeh
  6353 | D:8      | Noticed Erica
  6367 | D:8      | Killed Erica
  6369 | D:8      | Slain by a gnoll sergeant

Illustrated notes

Levels and vault maps discovered:
D:1:      saegor_arrival_simple_c, layout_loops_cross, basic_ecumenical_altar
D:2:      layout_basic, uniq_sigmund, uniq_terence
D:3:      layout_rooms, marbit_many_paths
D:4:      layout_basic, grunt_ministairs_8, uniq_ijyb, uniq_grinder
D:5:      layout_basic, nicolae_gozag_seed_capital, minmay_temple_entry_slanted,
          portal_sewer_entry_f, hangedman_abyss_or_decor_jellyfish_corner,
          minmay_misc_feat_diagonals, eino_curves_02
D:6:      layout_rooms, lemuel_coloured_pillars_altar, corexii_hall_statues_l,
          uniq_pikel, uniq_menkaure
D:8:      cheibrodos_fertilizer, layout_rooms, general_overflow_altar,
          kennysheep_mini_moat, lair_entry_dummy, bh_walls_and_bars, uniq_erica,
          uniq_gastronok
D:9:      layout_loops_cross

Skill      XL: |  1  2  3  4  5  6  7  8  9 |
---------------+----------------------------+-----
Shields        | 4 5 6 8 |  8.5
Fighting       | 4 5 6 8 |  8.4
Armour         | 4 5 6 7 |  7.1
Axes           | 3 4 5 7 9 11 | 11.4
Dodging        | 1 3 4 |  4.4
Stealth        | 1 |  1.8
Throwing       | |  0.3
Evocations     | |  0.1

Action                   |  1- 3 |  4- 6 |  7- 9 | 10-12 || total
-------------------------+-------+-------+-------+-------++-------
Melee: War axe           |    69 |    55 |       |       ||   124
       Headbutt          |    10 |    16 |    36 |     4 ||    66
       Hand axe          |       |    28 |   227 |     8 ||   263
Throw: Throwing net      |       |       |     1 |       ||     1
Invok: Draw Summoning    |     1 |       |     1 |       ||     2
       Draw Escape       |     1 |       |       |       ||     1
       Draw Destruction  |       |     1 |     3 |     2 ||     6
Evoke: Wand              |       |       |     1 |       ||     1
  Use: Potion            |       |     3 |       |       ||     3
       Scroll            |       |     2 |     6 |       ||     8
 Stab: Invisible         |       |     1 |       |       ||     1
Armor: Scale mail        |    33 |    23 |     4 |       ||    60
       Leather armour    |       |       |    52 |     3 ||    55
Dodge: Dodged            |    19 |    36 |    74 |     3 ||   132
Block: Kite shield       |    38 |    55 |   129 |    14 ||   236

Table legend: (Time is in decaauts)
 A = Elapsed time spent in this place.
 B = Non-inter-level travel time spent in this place.
 C = Inter-level travel time spent in this place.
 D = Time resting spent in this place.
 E = Time spent auto-exploring this place.
 F = Levels seen in this place.
 G = Mean time per level.
                   A        B        C        D        E       F      G
               +--------+--------+--------+--------+--------+-----+--------+
         Total |   6481 |   6416 |     65 |    215 |   4817 |   9 |  720.1 |
       Dungeon |   6085 |   6020 |     65 |    215 |   4589 |   8 |  760.6 |
         Sewer |    396 |    396 |      0 |      0 |    227 |   1 |  396.0 |
               +--------+--------+--------+--------+--------+-----+--------+

Top non-repeatable levels by time:
     D:5: 1124 daAuts
     D:2: 1043 daAuts
     D:4: 1033 daAuts
     D:3: 878 daAuts
     D:9: 820 daAuts
     D:1: 801 daAuts
   Sewer: 396 daAuts
     D:6: 315 daAuts
     D:8: 68 daAuts
